Map: Orbital Shipyard

Players

ImmortalZodd

  • Race: Zerg Zerg
  • League: Silver

LeapinZergln - Winner!

  • Race: Zerg Zerg
  • League: Gold

VOD

Have the link to the VOD?

Description

Time

  • Played on: Jan. 30, 2016, 12:59 a.m.
  • Length: 21:41
Show
View Real Time Build Order
Export as new Build Order

ImmortalZodd Zerg 

Build Orders: Hatch First, Zergling Baneling 

Get SALT Encoding   

  12  0:02  Drone  
  13  0:08  Drone  
  14  0:16  Drone, Extractor  
  15  0:23  Overlord  
  15  0:43  Drone x2  
  15  0:45  Drone  
  18  0:58  Hatchery  
  17  1:04  Drone  
  17  1:06  Drone  
  17  1:07  Extractor  
  18  1:18  Drone  
  19  1:26  Spawning Pool  
  18  1:41  Drone x2  
  20  1:52  Drone  
  21  2:01  Drone  
  22  2:13  Metabolic Boost, Drone x2  
  22  2:15  Queen  
  26  2:17  Queen  
  28  2:23  Overlord  
  28  2:42  Zergling x2  
  28  2:44  Zergling x8  
  33  2:54  Zergling x4  
  35  3:13  Baneling Nest  
  35  3:17  Evolution Chamber  
  33  3:29  Zergling x6  
  33  3:32  Overlord x3  
  36  3:50  Zerg Melee Weapons Level 1  
  36  3:51  Zergling x4  
  36  3:52  Zergling x6  
  40  4:06  Baneling x5  
  40  4:07  Baneling  
  40  4:08  Zergling x2  
  40  4:09  Zergling x8  
  45  4:18  Drone  
  45  4:19  Drone  
  47  4:25  Drone  
  47  4:26  Drone x2  
  47  4:27  Drone x3  
  53  4:32  Zergling x4  
  55  4:40  Overlord  
  55  4:44  Drone  
  56  4:51  Zergling x2  
  57  4:57  Baneling x2  
  57  4:58  Baneling x3  
  57  5:03  Zergling x10  
  57  5:04  Zergling x4  
  64  5:08  Drone  
  65  5:14  Overlord  
  65  5:50  Drone x3  
  65  5:51  Drone  
  69  5:58  Roach Warren  
  69  6:03  Extractor  
  55  6:36  Zergling x10  
  55  6:37  Zergling x14  
  54  6:49  Zergling x4  
  51  6:58  Zergling x2  
  51  7:00  Zergling x2  
  53  7:07  Zergling x2  
  54  7:11  Zergling x2  
  54  7:14  Baneling  
  55  7:22  Zergling x4  
  57  7:23  Zergling x2  
  57  7:24  Zergling x4  
  60  7:39  Zerg Missile Weapons Level 1  
  60  7:46  Hatchery  
  60  7:50  Zergling x2  
  60  7:51  Zergling x8  
  51  8:16  Spine Crawler  
  51  8:17  Spine Crawler  
  49  8:20  Spine Crawler  
  49  8:21  Baneling x2  
  49  8:22  Baneling x11  
  49  8:23  Baneling x4  
  48  8:29  Evolution Chamber  
  41  8:34  Spine Crawler x2  
  29  8:43  Zergling x12  
  29  8:44  Zergling x16  
  39  8:56  Spine Crawler  
  39  8:57  Spine Crawler x2  
  39  9:02  Zergling x4  
  38  9:06  Zergling x4  
  38  9:07  Queen  
  28  9:35  Zergling x4  
  28  9:38  Zergling x2  
  29  9:40  Zergling x2  
  29  9:45  Zergling x6  
  31  9:52  Zergling x2  
  32  9:54  Zergling x2  
  32  10:05  Zergling x4  
  34  10:11  Zergling x2  
  35  10:31  Zergling x2  
  35  10:32  Zergling x8  
  40  10:39  Zergling x8  
  44  10:45  Hatchery, Zergling x2  
  44  10:50  Baneling x3  
  44  10:51  Baneling x6  
  44  10:52  Baneling x6  
  44  10:53  Baneling x3  
  44  10:54  Zergling x2  
  44  10:55  Zergling x2  
  46  11:10  Zergling x6  
  46  11:11  Zergling x2  
  38  11:33  Zergling x6  
  38  11:34  Zergling x10  
  34  11:56  Zergling x2  
  34  11:57  Zergling x6  
  35  12:03  Zergling x4  
  35  12:04  Zergling x2  
  38  12:16  Baneling x6  
  38  12:17  Baneling x2  
  38  12:21  Drone  
  38  12:22  Drone x5  
  37  13:24  Zergling x14  
  37  13:25  Zergling x14  
  48  13:37  Zergling x6  
  51  13:45  Zergling x4  
  53  13:49  Baneling x2  
  53  13:50  Baneling x7  
  53  13:51  Baneling  
  53  13:59  Queen  
  53  14:01  Drone x2  
  53  14:02  Drone x3  
  36  14:45  Zergling x2  
  36  14:46  Zergling x14  
  36  14:47  Zergling x4  
  36  14:51  Zergling x2  
  44  14:58  Lair  
  44  15:08  Roach x4  
  52  15:19  Roach x2  
  56  15:27  Extractor  
  55  15:32  Extractor  
  54  15:39  Roach x2  
  58  15:53  Extractor  
  57  16:00  Overseer  
  57  16:14  Overseer  
  57  16:15  Extractor  
  56  16:27  Roach x2  
  56  16:30  Roach  
  62  16:35  Roach  
  62  16:36  Roach  
  62  16:38  Roach  
  68  16:46  Roach  
  74  16:47  Roach x2  
  74  16:48  Roach  
  74  16:50  Roach  
  78  16:59  Roach  
  78  17:00  Overlord x2  
  78  17:01  Overlord x8  
  80  17:02  Overlord x3  
  80  17:22  Roach x2  
  84  17:36  Roach  
  86  17:45  Drone  
  86  17:46  Drone  
  82  18:33  Roach  
  82  18:34  Roach x4  
  91  18:43  Roach  
  42  19:13  Roach  
  42  19:14  Roach x3  
  50  19:24  Roach  
  52  19:32  Roach  
  54  19:55  Spire  
  49  20:21  Spore Crawler  
  43  20:23  Spore Crawler  
  43  20:26  Spore Crawler  
Show
View Real Time Build Order
Export as new Build Order

LeapinZergln Zerg - Winner!

Build Orders: Pool First 

Get SALT Encoding   

  12  0:01  Drone  
  13  0:15  Overlord  
  13  0:18  Drone  
  14  0:25  Drone, Extractor  
  15  0:34  Drone  
  16  0:38  Drone  
  17  0:47  Spawning Pool  
  17  0:50  Drone  
  17  0:59  Drone  
  17  1:04  Extractor  
  17  1:09  Drone  
  18  1:20  Drone  
  19  1:31  Drone  
  20  1:55  Drone  
  20  1:56  Drone  
  22  2:05  Overlord  
  22  2:10  Roach Warren  
  21  2:19  Hatchery, Queen  
  21  2:22  Extractor  
  21  2:26  Spine Crawler  
  21  2:27  Spine Crawler  
  19  2:30  Drone x2  
  19  2:31  Spine Crawler  
  20  2:41  Drone, Spine Crawler  
  20  2:46  Drone  
  22  3:01  Drone, Extractor  
  22  3:06  Queen  
  24  3:17  Roach  
  26  3:24  Drone  
  27  3:30  Drone  
  27  3:32  Drone  
  29  3:36  Queen  
  31  3:44  Drone x2  
  33  3:50  Drone  
  33  3:51  Roach  
  36  4:07  Spine Crawler  
  36  4:09  Overlord x2  
  35  4:16  Baneling Nest  
  34  4:20  Spore Crawler  
  34  4:30  Drone x5  
  34  4:31  Drone x3, Baneling Nest  
  41  4:48  Roach x3  
  41  4:49  Roach  
  49  4:56  Evolution Chamber  
  48  5:02  Drone x2  
  48  5:03  Drone  
  51  5:07  Drone  
  51  5:08  Spine Crawler  
  51  5:15  Lair  
  51  5:24  Zerg Missile Weapons Level 1  
  51  5:28  Overlord, Zergling x2  
  52  5:32  Extractor  
  52  5:34  Pneumatized Carapace  
  51  5:40  Drone  
  54  6:04  Roach x4  
  54  6:05  Overlord  
  54  6:06  Overlord  
  28  6:47  Roach x4  
  28  6:48  Roach x3  
  28  6:49  Roach x2  
  28  6:50  Roach  
  46  7:02  Drone x2  
  48  7:31  Roach x3  
  48  7:32  Zergling x2  
  48  7:33  Zergling x8  
  49  8:05  Drone x3  
  51  8:06  Drone x5  
  57  8:14  Roach  
  57  8:15  Roach  
  45  8:47  Roach  
  45  8:48  Roach x4  
  53  8:55  Glial Reconstitution  
  51  9:06  Baneling x2  
  51  9:07  Baneling x5  
  51  9:08  Baneling  
  40  9:48  Roach x7  
  50  10:07  Hydralisk Den  
  50  10:09  Drone x3  
  52  10:21  Drone x3  
  53  10:27  Drone  
  53  10:28  Drone  
  57  10:40  Zerg Ground Armor Level 1  
  57  10:43  Drone  
  57  10:44  Drone  
  57  10:46  Drone  
  57  10:48  Drone  
  61  11:01  Drone x4  
  61  11:02  Drone  
  66  11:10  Ravager  
  66  11:11  Ravager  
  68  11:17  Drone  
  68  11:18  Drone x5  
  74  11:23  Drone x2, Extractor  
  59  11:39  Roach x3  
  59  11:40  Roach x2  
  59  11:46  Roach  
  60  11:47  Roach  
  51  12:05  Spine Crawler  
  51  12:06  Spine Crawler x2  
  48  12:16  Lurker Den  
  48  12:18  Hydralisk  
  50  12:37  Overseer  
  44  13:00  Extractor  
  44  13:01  Spine Crawler  
  44  13:02  Hatchery  
  44  13:03  Spine Crawler  
  40  13:07  Spine Crawler  
  40  13:11  Roach  
  40  13:12  Roach x5  
  51  13:18  Roach  
  48  13:38  Drone x4  
  48  13:39  Drone x2  
  54  13:51  Lurker  
  55  13:56  Hydralisk  
  55  13:59  Hydralisk  
  59  14:07  Drone  
  59  14:08  Drone  
  61  14:17  Lair  
  61  14:29  Spine Crawler  
  60  14:32  Spine Crawler  
  41  14:49  Hydralisk x3  
  41  14:50  Hydralisk  
  49  15:00  Lurker x2  
  49  15:03  Drone x2  
  49  15:04  Drone  
  54  15:20  Lurker x3  
  57  15:23  Spine Crawler  
  57  15:26  Spine Crawler  
  55  15:30  Drone  
  55  15:31  Drone  
  57  15:51  Drone  
  58  16:02  Drone x5  
  63  16:06  Overseer  
  63  16:18  Hydralisk x3  
  63  16:24  Overlord  
  63  16:25  Queen x2  
  69  16:27  Drone  
  69  16:31  Spire  
  69  16:32  Spore Crawler  
  72  16:35  Spore Crawler  
  72  16:39  Spore Crawler  
  70  16:48  Drone x2  
  70  16:49  Drone x2  
  74  16:59  Overlord  
  74  17:15  Spine Crawler  
  73  17:16  Spine Crawler  
  73  17:17  Drone x4, Spine Crawler, Spore Crawler  
  73  17:18  Drone  
  73  17:20  Spore Crawler  
  74  17:25  Extractor  
  74  17:26  Drone  
  74  17:27  Spore Crawler  
  73  17:31  Drone x2  
  75  17:50  Nydus Network  
  74  18:00  Spore Crawler  
  72  18:28  Mutalisk x5  
  72  18:29  Mutalisk  
  80  18:35  Metabolic Boost  
  80  18:43  Queen  
  80  18:44  Queen  
  80  18:46  Zerg Missile Weapons Level 2  
  81  19:05  Roach  
  81  19:06  Roach x4  
  91  19:20  Drone  
  92  19:44  Overlord x3  
  92  19:52  Spore Crawler  
  91  19:55  Spore Crawler x2  
  89  20:07  Spine Crawler  
  76  21:05  Mutalisk  
  76  21:06  Mutalisk x13  
  76  21:09  Zergling x2  
  76  21:10  Zergling x10  
Tags
 
Add a new tag
Caveats
  • Supply blocks, unpowered buildings, or Contaminate may cause inaccurate times.
  • Supply counts are checked every 10 seconds.